 Dungeon Crawl Stone Soup version 0.31.0-32-g396128a36d (webtiles) character file.

Game seed: 8520195848043517312

820 PaiMei the Gusty (level 7, -7/41 HPs)
             Began as a Tengu Air Elementalist on Mar 18, 2024.
             Mangled by Pikel
             ... wielding a +0 whip of flaming
              (9 damage)
             ... on level 5 of the Dungeon.
             The game lasted 00:06:02 (5774 turns).

PaiMei the Gusty (Tengu Air Elementalist)           Turns: 5774, Time: 00:06:02

Health: -7/41      AC:  3    Str:  8    XL:     7   Next: 95%
Magic:  0/13       EV: 18    Int: 18    God:
Gold:   291        SH:  0    Dex: 14    Spells: 10/13 levels left

rFire   . . .        o - +2 spear (flame)
rCold   . . .        (no shield)
rNeg    . . .        a - +0 robe
rPois   .            (helmet restricted)
rElec   .            (no cloak)
rCorr   .            s - +0 pair of gloves
SInv    .            (boots unavailable)
Will    .....        (no amulet)
Stlth   ++           (no ring)
HPRegen 0.26/turn    (no ring)
MPRegen 0.13/turn

%: acrobat
@: flying
A: beak, talons 3, evasive flight, acrobatic
a: no special abilities


You were on level 5 of the Dungeon.
You visited 1 branch of the dungeon, and saw 5 of its levels.

You collected 291 gold pieces.

Inventory:

Hand Weapons
 c - a +0 short sword
 k - a +2 scythe of venom
 o - a +2 spear of flaming (weapon)
 p - a +2 mace of protection
 q - a +1 dagger of electrocution
Missiles
 n - a throwing net
Armour
 a - a +0 robe (worn)
 s - a +0 pair of gloves (worn)
Jewellery
 j - a ring of resist corrosion
 r - an amulet of guardian spirit
Wands
 m - a wand of paralysis (8)
 v - a wand of mindburst (18)
 z - a wand of flame (16)
Scrolls
 d - a scroll of fear {unknown}
 h - a scroll of torment {unknown}
 l - a scroll of identify {unknown}
 t - 2 scrolls of enchant weapon {unknown}
 u - a scroll of poison {unknown}
 w - a scroll of fog {unknown}
 x - a scroll of enchant armour {unknown}
 y - a scroll of immolation {unknown}
Potions
 b - 3 potions of magic
 e - 2 potions of curing {unknown}
 f - a potion of brilliance {unknown}
 g - 3 potions of degeneration {unknown}
 i - 2 potions of heal wounds {unknown}


   Skills:
 + Level 3.3 Fighting
 + Level 4.7 Dodging
 - Level 2.4 Stealth
 + Level 3.9 Spellcasting
 + Level 5.0 Conjurations
 + Level 6.3 Air Magic


You had 10 spell levels left.
You knew the following spells:

 Your Spells              Type           Power      Damage    Failure   Level
a - Shock                 Conj/Air       96%        1d9       1%          1
b - Static Discharge      Conj/Air       48%        3-5/arc   2%          2

Your spell library contained the following spells:

 Spells                   Type           Power      Damage    Failure   Level
 Swiftness                Air            26%        N/A       3%          3
 Airstrike                Air            13%        2d(2-18)  11%         4
 Necrotise                Necr           12%        1d4       16%         1
 Vampiric Draining        Necr           3%         2d6       41%         3
 Martyr's Knell           Necr/Summ      3%         N/A       83%         4
 Curse of Agony           Necr           3%         N/A       99%         5


Dungeon Overview and Level Annotations

Branches:
Dungeon (5/15)
 Temple: D:4-7

Altars:
Nemelex Xobeh
Trog

Shops:
D:4 :   D:5 [

Annotations:
D:5 Pikel


Innate Abilities, Weirdness & Mutations

You have a beak for a mouth.
You have claws for feet.
Your magical flight helps you evade attacks. (EV +4)
You can magically evade attacks while moving or waiting.


Message History

Pikel hits you with a +0 whip of flaming.
Pikel burns you.
Casting: Shock (safe; 1% risk of failure)
Confirm with . or Enter, or press ? or * to list all spells.
Aiming: Shock (safe; 1% risk of failure)
Press: ? - help, Shift-Dir - straight line, f/p - Pikel
Aim: Pikel, wielding a +0 whip of flaming and wearing a +0 robe (severely wounded, 67% to hit)
The zap hits Pikel.
Pikel is severely wounded.
The zap hits the lemure.
The lemure is almost dead.
The zap hits the lemure.
The lemure is moderately wounded.
The zap hits the lemure.
The lemure is heavily wounded.
Pikel hits you with a +0 whip of flaming.
* * * LOW HITPOINT WARNING * * *
Pikel burns you.
* * * LOW HITPOINT WARNING * * *
You hit Pikel. You burn Pikel. You claw Pikel, but do no damage.
Pikel is almost dead.
Pikel hits you with a +0 whip of flaming.
* * * LOW HITPOINT WARNING * * *
Pikel burns you.
* * * LOW HITPOINT WARNING * * *
Casting: Shock (safe; 1% risk of failure)
Confirm with . or Enter, or press ? or * to list all spells.
Aiming: Shock (safe; 1% risk of failure)
Press: ? - help, Shift-Dir - straight line, f/p - Pikel
Aim: Pikel, wielding a +0 whip of flaming and wearing a +0 robe (almost dead, 67% to hit)
The zap hits Pikel.
Pikel is almost dead.
The zap hits the lemure.
You kill the lemure!
That felt strangely unrewarding.
The zap hits the lemure.
The lemure is heavily wounded.
The zap misses the lemure.
Pikel hits you with a +0 whip of flaming!
You die...
Pikel says, "See you in Hell!"

#.#........#
##.........# ##........#
#...†....# ###........#
...........###
........#....# ######.##
###.#####..#.# #........
#.# #..#.# #@# #.#
#..#.# #K#
##.#####..#.###5####.#
#....................#
##...####.##............
..<....##[##..#$#####.#.
..........##..#.# #
.......#####....#
##...### #..#.#


You could see Pikel and a lemure.

Vanquished Creatures
  Sigmund (D:2)
  A black bear (D:4)
  An ogre (D:3)
  3 lemures (D:5)
  2 scorpions
  2 bombardier beetles
  An iguana (D:4)
  Ijyb (D:4)
  An orc wizard (D:3)
  Robin (D:3)
  3 gnolls
  8 adders
  2 ribbon worms
  2 dart slugs
  9 orcs
  7 bats
  6 endoplasms
  A giant cockroach (D:2)
  27 goblins
  4 hobgoblins
  4 jackals (D:4)
  5 quokkas
  2 ball pythons
  A frilled lizard (D:2)
  4 kobolds
  5 rats
104 creatures vanquished.

Notes
Turn   | Place    | Note
-------+----------+-------------------------------------------
     0 | D:1      | PaiMei the Tengu Air Elementalist began the quest for the
                  | Orb.
     0 | D:1      | Reached XP level 1. HP: 10/10 MP: 4/4
   527 | D:1      | Reached XP level 2. HP: 14/15 MP: 3/6
  1142 | D:2      | Reached XP level 3. HP: 19/19 MP: 0/7
  1619 | D:2      | Noticed Sigmund
  1872 | D:2      | Killed Sigmund
  1873 | D:2      | Reached skill level 1 in Fighting
  1873 | D:2      | Reached skill level 5 in Air Magic
  1873 | D:2      | Reached XP level 4. HP: 21/26 MP: 1/9
  1873 | D:2      | Reached XP level 5. HP: 25/30 MP: 1/10
  2451 | D:3      | Reached XP level 6. HP: 35/35 MP: 6/11
  2906 | D:3      | Found a sparkling altar of Nemelex Xobeh.
  2921 | D:3      | Found a faded altar of an unknown god.
  3037 | D:3      | Paralysed by a gnoll for 2 turns
  3474 | D:3      | Noticed Robin
  3640 | D:3      | Killed Robin
  3720 | D:3      | HP: 1/35 [ogre/+0 giant club (10)]
  3955 | D:4      | Gained mutation: Your magical flight helps you evade
                  | attacks. (EV +4) [Tengu growth]
  3955 | D:4      | Reached XP level 7. HP: 39/40 MP: 8/13
  4068 | D:4      | Found Nops's Book Shop.
  4389 | D:4      | Reached skill level 6 in Air Magic
  4622 | D:4      | Learned a level 2 spell: Static Discharge
  4859 | D:4      | Found a bloodstained altar of Trog.
  5030 | D:4      | Noticed Ijyb
  5058 | D:4      | Killed Ijyb
  5444 | D:5      | Entered Level 5 of the Dungeon
  5469 | D:5      | Reached skill level 5 in Conjurations
  5686 | D:5      | Found Ven Pau's Antique Armour Shop.
  5746 | D:5      | Noticed Pikel
  5773 | D:5      | HP: 2/41 [Pikel/+0 whip of flaming (2)]
  5774 | D:5      | Mangled by Pikel

Illustrated notes

Levels and vault maps discovered:
D:1:      ebering_trefoil_twist, layout_loops_corners
D:2:      layout_loops_corners, serial_forest, infiniplex_forest_lined_ring,
          infiniplex_forest_straight_3, infiniplex_forest_clump_diagonal,
          infiniplex_forest_straight_4, infiniplex_forest_zigzag_1,
          infiniplex_forest_clump_small, infiniplex_forest_end_2,
          infiniplex_forest_lined_3_way, grunt_decor_mini_mirrors, uniq_sigmund
D:3:      layout_loops_ring, nemelex_dance_club_becter,
          ebering_ecumenical_altar_webs, hangedman_decor_peaks_small,
          minmay_ogre_servants, uniq_robin
D:4:      layout_basic, trog_butcher_becter, serial_shops, shop,
          nicolae_concentric_dashed_squares_mild, st_stairs_6, uniq_ijyb
D:5:      layout_loops_ring, serial_aquarium, aquarium_bridge_square
          [aquarium_subvault_balcony, aquarium_subvault_bridge,
          aquarium_subvault_bridge, aquarium_subvault_balcony],
          aquarium_window_1, aquarium_window_1, aquarium_window_corridor_3,
          aquarium_view_2c, aquarium_pool_corner, serial_shops,
          nicolae_shop_dealshenge, shop, nicolae_shop_rolled_up, uniq_pikel

Skill      XL: |  1  2  3  4  5  6  7 |
---------------+----------------------+-----
Conjurations   | 2 3 4 5 |  5.0
Fighting       | 1 2 3 |  3.3
Dodging        | 3 4 |  4.7
Spellcasting   | 3 |  3.9
Air Magic      | 5 6 |  6.3
Stealth        | |  2.4

Action                     |  1- 3 |  4- 6 |  7- 9 || total
---------------------------+-------+-------+-------++-------
  Melee: Short sword       |     3 |       |       ||     3
         Halberd           |       |     7 |       ||     7
         Kick              |       |     5 |     7 ||    12
         Spear             |       |    15 |    32 ||    47
         Peck              |       |     2 |     2 ||     4
   Cast: Shock             |    65 |    82 |   115 ||   262
   Stab: Sleeping          |       |     2 |       ||     2
 Armour: Robe              |     5 |    22 |    35 ||    62
  Dodge: Dodged            |     8 |    19 |    63 ||    90
